 Dungeon Crawl Stone Soup version 0.10.0-14-ga75c42d character file.

235 jtron the Pious (level 4, 0/37 HPs)
             Began as a Minotaur Priest on Mar 3, 2012.
             Was a Believer of Zin.
             Succumbed to a kobold's poison
             ... on Level 3 of the Dungeon.
             The game lasted 00:12:30 (2149 turns).

jtron the Pious (Minotaur Priest)                   Turns: 2149, Time: 00:12:30

HP   0/37        AC  2     Str 18      XL: 4   Next: 84%
MP   6/6         EV 12     Int 11      God: Zin [**....]
Gold 119         SH  0     Dex 10      Spells:  0 memorised,  3 levels left

Res.Fire  : . . .   See Invis. : .   a - +0 quarterstaff
Res.Cold  : . . .   Warding    : + . b - +0 robe
Life Prot.: + + .   Conserve   : .   (no shield)
Res.Acid. : . . .   Res.Corr.  : .   (helmet restricted)
Res.Poison: .       Clarity    : .   (no cloak)
Res.Elec. : .       Spirit.Shd : .   (no gloves)
Sust.Abil.: + .     Stasis     : .   (no boots)
Res.Mut.  : .       Ctrl.Telep.: .   g - amulet of warding
Res.Rott. : .       Levitation : .   (no ring)
Saprovore : . . .   Ctrl.Flight: .   n - ring of life protection

@: vitalised, very poisoned, slightly resistant to hostile enchantments,
unstealthy
A: retaliatory headbutt, horns 2
a: Recite, Vitalisation, Renounce Religion


You were on level 3 of the Dungeon.
You worshipped Zin.
Zin was greatly pleased with you.
You were not hungry.

You visited 1 branch of the dungeon, and saw 3 of its levels.

You collected 110 gold pieces.
You donated 11 gold pieces.

Inventory:

Hand weapons
 a - a +0,+0 quarterstaff (weapon)
 l - a +1,+1 dwarven hand axe of venom
 m - a +0,+0 dagger
 p - a +1,+1 short sword
 r - a +0,+0 sling
 v - a +1,+4 spear of returning
 y - a +0,+0 spear
 z - a +1,+3 orcish hammer
 C - a -1,+1 orcish whip
 E - a -1,+0 orcish flail
 I - a -1,+1 orcish flail
 J - a -1,+1 orcish flail
 L - a +0 blowgun
Missiles
 h - 36 +0 darts (quivered)
 o - 13 +0 sling bullets
 t - 23 +2 darts
 w - 15 +0 bolts of penetration
 F - 17 +2 arrows
 G - 35 +0 stones
 M - a poisoned +0 needle
Armour
 b - a +0 robe (worn)
Comestibles
 c - 3 bread rations
 f - a lychee
 k - 2 chokos
 q - a meat ration
 B - an apple
 H - a rotting chunk of worm flesh
Scrolls
 i - a scroll of recharging
 j - 3 scrolls of identify
 s - a scroll of remove curse {unknown}
 u - 2 scrolls of curse armour {unknown}
 A - a scroll of curse weapon {unknown}
Jewellery
 g - an amulet of warding (around neck)
 n - a ring of life protection (left hand)
Potions
 d - 2 potions of restore abilities
 e - 2 potions of magic
 x - a potion of speed {unknown}
 D - a potion of blood {unknown}
 K - a potion of paralysis {unknown}


   Skills:
 * Level 3,4 Fighting
 + Level 4,1 Staves
 + Level 2,7 Dodging
 + Level 0,4 Stealth
 + Level 0,3 Traps & Doors
 * Level 1,2 Unarmed Combat
 + Level 5,3 Invocations


You had 3 spell levels left.
You didn't know any spells.

Dungeon Overview and Level Annotations

Branches:
Dungeon (3/27)

Altars:


Innate Abilities, Weirdness & Mutations

You reflexively headbutt those who attack you in melee.
You have a pair of horns on your head.


Message History

* * * LOW HITPOINT WARNING * * *
You feel very sick.
You start resting.
* * * LOW HITPOINT WARNING * * *
You feel very sick.
You start resting.
* * * LOW HITPOINT WARNING * * *
You feel very sick.
You start resting.
* * * LOW HITPOINT WARNING * * *
You feel sick.
You feel a little better.
You start resting.
* * * LOW HITPOINT WARNING * * *
You feel very sick.
You start resting.
* * * LOW HITPOINT WARNING * * *
You feel very sick.
You start resting.
You die...

...........#.#
############.#
#.# #.# #.# #.#
#.#
#(##########.##
#.(((@........#
###############


There were no monsters in sight!

Vanquished Creatures
  A crimson imp (D:3)
  An adder (D:2)
  An iguana zombie (D:3)
  A worm (D:3)
  An ooze (D:1)
  9 orcs
  4 bats
  4 giant cockroaches
  9 goblins
  4 hobgoblins
  3 giant newts
  5 kobolds
  7 rats
  A toadstool (D:3)
51 creatures vanquished.

Vanquished Creatures (others)
  A kobold (D:3)
  2 toadstools (D:1)
3 creatures vanquished.

Grand Total: 54 creatures vanquished

Notes
Turn   | Place    | Note
--------------------------------------------------------------
     0 | D:1      | jtron, the Minotaur Priest, began the quest for the Orb.
     0 | D:1      | Reached XP level 1. HP: 17/17 MP: 2/2
    21 | D:1      | Acquired Zin's second power
   229 | D:1      | Reached XP level 2. HP: 18/24 MP: 3/3
  1112 | D:2      | Reached skill level 5 in Invocations
  1308 | D:2      | Reached XP level 3. HP: 27/30 MP: 5/5
  1857 | D:3      | Reached XP level 4. HP: 23/37 MP: 6/6
  1904 | D:3      | Acquired Zin's third power
  1914 | D:3      | HP: 1/37 [iguana zombie (10)]
  1947 | D:3      | Reached skill level 1 in Unarmed Combat
  2149 | D:3      | Succumbed to a kobold's poison
